 Dungeon Sprint DCSS version 0.31-a0-716-gc7603755dd (webtiles) character file.

Game seed: 8257241426064362851

50 rocky1 the Slasher (level 4, -11/37 HPs)
             Began as a Djinni Gladiator on Sept 11, 2023.
             Mangled by a water elemental (19 damage)
             ... in the Dungeon (Sprint III: "The Ten Rune Challenge").
             The game lasted 00:00:55 (370 turns).

rocky1 the Slasher (Djinni Gladiator)                Turns: 370, Time: 00:00:55

Health: -11/37     AC:  4    Str: 13    XL:     4   Next: 4%
Gold:   25         EV: 14    Int:  9    God:
                   SH:  0    Dex: 17

rFire   + + .        a - +0 long sword
rCold   x . .        (no shield)
rNeg    . . .        b - +0 leather armour
rPois   ∞            c - +0 helmet
rElec   .            (no cloak)
rCorr   .            (no gloves)
SInv    .            (boots unavailable)
Will    .....        (no amulet)
Stlth   +            (no ring)
HPRegen 0.26/turn    (no ring)
MPRegen 0.00/turn

%: no teleportation, infuse magic (-12 HP)
@: flying
A: sickness immunity, fire resistance 2, cold vulnerability 1, float, innate
caster, HP casting, extra vitality 1
a: no special abilities


You were in the Dungeon.
You visited 1 branch You collected 25 gold pieces.

Inventory:

Hand Weapons
 a - a +0 long sword (weapon)
Missiles
 d - 2 throwing nets (quivered)
 e - a javelin
Armour
 b - a +0 leather armour (worn)
 c - a +0 helmet (worn)
Scrolls
 j - a scroll of blinking
 m - a scroll of immolation {unknown}
 n - 2 scrolls of identify
 p - 2 scrolls of poison {unknown}
Potions
 f - a potion of curing
 g - a potion of heal wounds
 h - a potion of haste
 i - a potion of berserk rage
 k - a potion of might {unknown}
 l - 5 potions of mutation
 o - 4 potions of enlightenment


   Skills:
 + Level 3.8 Fighting
 * Level 5.1 Long Blades
 - Level 1.5 Throwing
 + Level 4.9 Dodging
 + Level 0.5 Spellcasting
 + Level 0.5 Conjurations
 + Level 0.5 Hexes
   Level 0.0 Charms
 + Level 0.5 Summonings
 + Level 0.5 Necromancy
 + Level 0.5 Translocations
 + Level 0.5 Transmutations
 + Level 0.5 Fire Magic
 + Level 0.5 Ice Magic
 + Level 0.5 Air Magic
 + Level 0.5 Earth Magic
 + Level 0.5 Poison Magic


You knew the following spells:

 Your Spells              Type           Power      Damage    Failure   Level
a - Sandblast             Erth           2%         2d4       36%         1
Your spell library was empty.

Dungeon Overview and Level Annotations

Branches:
Dungeon (1/1)

Altars:


Innate Abilities, Weirdness & Mutations

You are immune to sickness and miasma.
You are immune to poison.
Your flesh is very heat resistant. (rF++)
You are vulnerable to cold. (rC-)
You float through the air rather than walking.
You learn spells naturally, not from books.
Your magical power is your life essence.
You have superior vitality. (+4 MHP)


Message History

There is an open door here.
You now have 15 gold pieces.
l - a potion of mutation;
m - a scroll labelled OXYDESCHEFION
n - 2 scrolls of identify;
l - 2 potions of mutation (gained 1)
o - 2 potions of enlightenment
l - 3 potions of mutation (gained 1);
p - a scroll labelled RENWAM LUOSTE
p - 2 scrolls labelled RENWAM LUOSTE (gained 1)
l - 5 potions of mutation (gained 2)
o - 4 potions of enlightenment (gained 2)
You now have 25 gold pieces (gained 10).
There is an open door here.
You reach down and open the door.
A water elemental comes into view.
There is an open door to the Ecumenical Temple here.
You hit the water elemental.
The water elemental is lightly damaged.
The water elemental hits you!
You slash the water elemental!
The water elemental is moderately damaged.
The water elemental completely misses you.
You slash the water elemental!
The water elemental is severely damaged.
The water elemental completely misses you.
The water elemental hits you!
* * * LOW HITPOINT WARNING * * *
Unknown command.
You barely miss the water elemental.
The water elemental is severely damaged.
The water elemental closely misses you.
You barely miss the water elemental.
The water elemental is severely damaged.
The water elemental closely misses you.
You hit the water elemental.
The water elemental is severely damaged.
The water elemental misses you.
You barely miss the water elemental.
The water elemental is severely damaged.
The water elemental hits you!!
Ouch! That really hurt!
You die...

▓▓▓▓▓▓▓ ▓▓▓ ..#...####
##.# ..#......#####..#
.##...)...#..#..#
#.##.##...#..#..###+#+##
#.##.###..##'#..#.......
.####.##..###...@.⌠.....
###..##..####...#E..####
.....##..###....#.⌠.#
##†.##...##.....#...#
#..##....#......#+###
..###..##†#.....# ).#
#.. ####....# ▓▓▓ ▓▓▓
▓▓▓▓▓▓


You could see a water elemental.

Vanquished Creatures
  Jessica (D)
  A human (D)
  A phantom (D)
  2 rats (D)
5 creatures vanquished.

Notes
Turn   | Place    | Note
-------+----------+-------------------------------------------
     0 | D        | rocky1 the Djinni Gladiator began the quest for the Orb.
     0 | D        | Reached XP level 1. HP: 18/18 MP: 0/0
    12 | D        | Reached skill level 3 in Long Blades
    22 | D        | Noticed Jessica
    25 | D        | Killed Jessica
    26 | D        | Reached skill level 4 in Long Blades
    26 | D        | Reached XP level 2. HP: 25/25 MP: 0/0
    26 | D        | Reached XP level 3. HP: 30/30 MP: 0/0
    26 | D        | Learned a level 1 spell: Sandblast
   168 | D        | Reached skill level 5 in Long Blades
   272 | D        | Reached XP level 4. HP: 19/37 MP: 0/0
   362 | D        | Noticed a water elemental
   370 | D        | Mangled by a water elemental

Illustrated notes

Levels and vault maps discovered:
D:        dungeon_sprint_mu [sprint_mu_entry_cave, sprint_mu_temple_rooms,
          sprint_mu_d1_horrors, sprint_mu_d2_genie, sprint_mu_d3_branching,
          sprint_mu_orc_legion, sprint_mu_elf_gauntlet, sprint_mu_hive_nellie,
          sprint_mu_lair_fedhas, sprint_mu_vaults_butterflies,
          sprint_mu_slime_circle, sprint_mu_shoals_archi,
          sprint_mu_snake_twists, sprint_mu_blade_basic, sprint_mu_crypt_lich,
          sprint_mu_tomb_spiral, sprint_mu_vestibule_basic,
          sprint_mu_gehenna_hellfire, sprint_mu_dis_giant,
          sprint_mu_tartarus_statrot, sprint_mu_cocytus_islands, sprint_mu_zot1]

Skill      XL: |  1  2  3 |
---------------+----------+-----
Long Blades    | 4 5 |  5.1
Fighting       | 3 |  3.8
Dodging        | 4 |  4.9
Throwing       | |  1.5
Spellcasting   | |  0.5
Conjurations   | |  0.5
Hexes          | |  0.5
Summonings     | |  0.5
Necromancy     | |  0.5
Translocations | |  0.5
Transmutations | |  0.5
Fire Magic     | |  0.5
Ice Magic      | |  0.5
Air Magic      | |  0.5
Earth Magic    | |  0.5
Poison Magic   | |  0.5

Action                     |  1- 3 |  4- 6 || total
---------------------------+-------+-------++-------
  Melee: Long sword        |    29 |     7 ||    36
  Throw: Throwing net      |     3 |       ||     3
 Armour: Leather armour    |     9 |     3 ||    12
  Dodge: Dodged            |    18 |     5 ||    23

Table legend: (Time is in decaauts)
 A = Elapsed time spent in this place.
 B = Non-inter-level travel time spent in this place.
 C = Inter-level travel time spent in this place.
 D = Time resting spent in this place.
 E = Time spent auto-exploring this place.
 F = Levels seen in this place.
 G = Mean time per level.
                   A        B        C        D        E       F      G
               +--------+--------+--------+--------+--------+-----+--------+
         Total |    375 |    375 |      0 |    256 |     16 |   1 |  375.0 |
       Dungeon |    375 |    375 |      0 |    256 |     16 |   1 |  375.0 |
               +--------+--------+--------+--------+--------+-----+--------+

Top non-repeatable levels by time:
       D: 375 daAuts
